AoeStats
← vxd81097

Arena

511008197Analyzed
1v1 RM · 11h ago on Oct 3, 2026· 42m 52s· 2 players
Game mode
Random Map
Map size
Tiny (2 player)
Population
200
Speed
Normal
Resources
Standard
Victory
Conquest
Starting age
Dark Age
Ending age
Imperial Age
RankedLock teamsTeams togetherTeam positionsShared explorationLock speedFull tech treeHidden civsTurbo modeCheats
Victory
Defeat
🇵🇪 Japanese · Peru
459
+20
🇨🇱 Varangians · Chile
548
-20
vxd81097
7:33 Loom
10:55 Feudal Age
13:35 Wheelbarrow
12:51 Double-Bit Axe
15:01 Gold Mining
15:44 Arson
19:25 Man-at-Arms
23:55 Castle Age
22:34 Padded Archer Armor
24:04 Fletching
25:56 Hand Cart
26:18 Squires
25:39 Pikeman
28:34 Crossbowman
31:43 Thumb Ring
32:17 Gambesons
34:37 Elite Skirmisher
35:41 Bow Saw
39:11 Imperial Age
38:19 Bodkin Arrow
40:23 Kataparuto
40:28 Elite Samurai
41:29 Conscription
42:58 Two-Man Saw
41:57 Halberdier
43:18 Bracer
matipalominos1
11:51 Feudal Age
14:57 Horse Collar
19:50 Castle Age
18:06 Double-Bit Axe
19:39 Scale Barding Armor
19:47 Forging
24:05 Heavy Plow
24:18 Bow Saw
24:49 Iron Casting
35:13 Imperial Age
33:53 Gambesons
33:59 Arson
34:39 Chain Barding Armor
35:18 Elite Jarl
37:18 Gothikon
40:15 Elite Varangian Guard
42:19 Blast Furnace
41:58 Plate Barding Armor
Connection lost

Rejoining the realm…

Still unreachable

The connection could not be restored.

Session expired

The server has moved on; the page needs a fresh start.